Map: Dusk Towers

Players

ForAiUr

  • Race: Zerg Zerg

MorN - Winner!

  • Race: Terran Terran
  • League: Master

VOD

Have the link to the VOD?

Description

Time

  • Played on: Dec. 7, 2015, 2:57 a.m.
  • Length: 5:50
Show
View Real Time Build Order
Export as new Build Order

ForAiUr Zerg 

Build Orders: Hatch First 

Get SALT Encoding   

  12  0:01  Drone  
  13  0:12  Overlord  
  13  0:17  Drone  
  14  0:32  Drone x2  
  16  0:36  Drone  
  17  0:56  Hatchery  
  16  0:59  Drone x2  
  16  1:03  Extractor  
  17  1:15  Spawning Pool  
  17  1:17  Drone  
  17  1:21  Drone  
  18  1:30  Drone  
  19  1:44  Overlord  
  19  1:51  Drone  
  20  2:01  Drone  
  21  2:02  Queen  
  21  2:05  Metabolic Boost  
  23  2:10  Zergling x2  
  23  2:13  Drone  
  25  2:21  Queen  
  25  2:22  Drone x2  
  29  2:43  Drone x3  
  30  2:57  Drone x3  
  33  2:58  Roach Warren  
  32  3:09  Overlord  
  32  3:14  Hatchery  
  32  3:19  Overlord  
  31  3:20  Drone x2  
  33  3:28  Drone x2  
  33  3:31  Drone x3  
  33  3:32  Drone  
  39  3:43  Drone  
  39  3:44  Drone x3  
  43  3:52  Extractor  
  43  3:53  Roach  
  43  3:55  Roach  
  46  3:57  Extractor  
  46  4:00  Roach x3  
  51  4:03  Overlord  
  51  4:05  Overlord  
  51  4:08  Drone  
  52  4:11  Lair  
  52  4:21  Overlord  
  52  4:26  Evolution Chamber  
  52  4:30  Evolution Chamber, Drone  
  52  4:31  Drone x2  
  53  4:33  Queen  
  53  4:37  Drone  
  53  4:38  Drone x3  
  59  4:40  Drone  
  60  4:57  Drone x3  
  60  4:58  Drone x4  
  66  5:01  Overlord x2  
  66  5:13  Spore Crawler  
  65  5:16  Spore Crawler  
  65  5:17  Spore Crawler  
  65  5:18  Drone  
  65  5:19  Drone  
  65  5:24  Overlord  
  65  5:37  Drone x6  
  65  5:38  Drone  
  65  5:40  Extractor  
Show
View Real Time Build Order
Export as new Build Order

MorN Terran - Winner!

Build Orders: Reaper Expand 

Get SALT Encoding   

  12  0:01  SCV  
  13  0:13  SCV  
  14  0:17  Supply Depot  
  14  0:25  SCV  
  15  0:39  SCV, Barracks  
  16  0:44  Refinery  
  16  0:51  SCV  
  17  1:03  SCV  
  18  1:15  SCV  
  19  1:28  Reaper, Orbital Command  
  20  1:40  Command Center  
  20  1:51  Supply Depot  
  21  1:54  SCV  
  21  2:00  Barracks Reactor  
  21  2:06  SCV  
  21  2:07  Barracks  
  22  2:18  Barracks  
  22  2:22  SCV  
  23  2:34  SCV  
  24  2:38  Marine x2  
  26  2:46  SCV  
  27  2:55  Barracks Tech Lab, Refinery  
  27  2:56  Orbital Command  
  27  2:57  Factory  
  27  2:59  Marine x2  
  27  3:03  SCV  
  30  3:06  Marine  
  31  3:16  Stimpack, Marine  
  31  3:17  Marine  
  31  3:18  SCV  
  34  3:26  SCV  
  35  3:29  Marine  
  35  3:30  SCV  
  37  3:40  Marine x3  
  40  3:41  Starport  
  40  3:43  Factory Reactor  
  40  3:44  SCV  
  40  3:46  SCV  
  42  3:56  SCV  
  42  3:57  Marine  
  42  3:58  SCV, Marine  
  42  4:00  Supply Depot  
  42  4:01  Supply Depot  
  46  4:10  SCV, Marine x2  
  46  4:14  SCV  
  46  4:15  Marine  
  46  4:16  Marine  
  52  4:25  Medivac x2  
  52  4:28  SCV, Marine  
  52  4:29  SCV  
  52  4:30  Factory Reactor, Marine  
  60  4:33  Marine  
  60  4:35  Supply Depot  
  61  4:40  SCV  
  62  4:55  Marine x2  
  63  5:02  Marauder  
  63  5:03  Barracks Tech Lab  
  63  5:06  Supply Depot  
  65  5:08  Widow Mine x2  
  65  5:11  SCV  
  65  5:12  Command Center, Refinery  
  65  5:13  Marine  
  71  5:16  Refinery, Marine  
  72  5:23  SCV, Marine  
  72  5:25  Supply Depot  
  72  5:27  Marauder  
Tags
 
Add a new tag
Caveats
  • Supply blocks, unpowered buildings, or Contaminate may cause inaccurate times.
  • Supply counts are checked every 10 seconds.